 Dungeon Crawl Stone Soup version 0.31-a0-875-g02e7d12df6 (webtiles) character file.

Game seed: 13230247916530263606

70 pokeman the Magician (level 4, 0/25 HPs)
             Began as a Deep Elf Hedge Wizard on Oct 13, 2023.
             Succumbed to an adder's poison
             ... on level 2 of the Dungeon.
             The game lasted 00:04:59 (1985 turns).

pokeman the Magician (Deep Elf Hedge Wizard)        Turns: 1985, Time: 00:04:59

Health: 0/25       AC:  2    Str:  7    XL:     4   Next: 3%
Magic:  1/13       EV: 12    Int: 21    God:
Gold:   42         SH:  0    Dex: 14    Spells: 5/13 levels left

rFire   . . .        a - +0 dagger
rCold   . . .        (no shield)
rNeg    . . .        b - +0 robe
rPois   .            c - +0 hat
rElec   .            (no cloak)
rCorr   .            (no gloves)
SInv    .            (no boots)
Will    .....        (no amulet)
Stlth   ++           (no ring)
HPRegen 0.24/turn    (no ring)
MPRegen 0.13/turn

%: no passive effects
@: lethally poisoned (0 -> -3)
A: no striking features
a: no special abilities


You were on level 2 of the Dungeon.
You visited 1 branch of the dungeon, and saw 2 of its levels.

You collected 42 gold pieces.

Inventory:

Hand Weapons
 a - a +0 dagger (weapon)
Armour
 b - a +0 robe (worn)
 c - a +0 hat (worn)
 j - a scarf of invisibility
Scrolls
 e - 3 scrolls of identify {unknown}
 f - a scroll of silence {unknown}
 i - a scroll of fog {unknown}
 k - a scroll of enchant armour {unknown}
Potions
 d - a potion of magic
 h - a potion of curing {unknown}
 l - a potion of invisibility {unknown}


   Skills:
 - Level 1.0 Fighting
 - Level 1.0 Armour
 + Level 2.6 Dodging
 + Level 2.6 Stealth
 * Level 5.4 Spellcasting
 + Level 2.1 Conjurations
 - Level 1.1 Summonings
 - Level 1.1 Translocations


You had 5 spell levels left.
You knew the following spells:

 Your Spells              Type           Power      Damage    Failure   Level
a - Magic Dart            Conj           56%        1d5       4%          1
b - Mephitic Cloud        Conj/Pois/Air  8%         N/A       24%         3
c - Call Imp              Summ           20%        N/A       10%         2
d - Blink                 Tloc           20%        N/A       10%         2

Your spell library contained the following spells:

 Spells                   Type           Power      Damage    Failure   Level
 Slow                     Hex            20%        N/A       11%         1
 Cigotuvi's Dreadful Rot  Necr/Pois/Air  10%        N/A       16%         2
 Gell's Gravitas          Tloc           10%        N/A       21%         3
 Teleport Other           Tloc           10%        N/A       21%         3
 Inner Flame              Hex/Fire       5%         N/A       30%         3
 Flame Wave               Conj/Fire      10%        2d6       54%         4
 Sticky Flame             Conj/Fire      10%        2d3       54%         4
 Dispersal                Tloc           5%         N/A       100%        6


Dungeon Overview and Level Annotations

Branches:
Dungeon (2/15)

Altars:


Message History

Aiming: Magic Dart (safe; 4% risk of failure)
Press: ? - help, Shift-Dir - straight line, f/p - adder
Aim: an adder (almost dead, 100% to hit)
The magic dart hits the adder.
You kill the adder!
You feel very sick.
The endoplasm hits you but does no damage.
You have reached level 4!
You feel clever.
Casting: Magic Dart (safe; 4% risk of failure)
Confirm with . or Enter, or press ? or * to list all spells.
Aiming: Magic Dart (safe; 4% risk of failure)
Press: ? - help, Shift-Dir - straight line, f - endoplasm
Aim: an endoplasm (100% to hit)
The magic dart hits the endoplasm.
The endoplasm is moderately wounded.
You feel sick. The endoplasm misses you.
Casting: Magic Dart (safe; 4% risk of failure)
Confirm with . or Enter, or press ? or * to list all spells.
Aiming: Magic Dart (safe; 4% risk of failure)
Press: ? - help, Shift-Dir - straight line, f/p - endoplasm
Aim: an endoplasm (moderately wounded, 100% to hit)
The magic dart hits the endoplasm.
The endoplasm is severely wounded.
You feel sick. The endoplasm hits you.
* * * LOW HITPOINT WARNING * * *
Casting: Magic Dart (safe; 4% risk of failure)
Confirm with . or Enter, or press ? or * to list all spells.
Aiming: Magic Dart (safe; 4% risk of failure)
Press: ? - help, Shift-Dir - straight line, f/p - endoplasm
Aim: an endoplasm (severely wounded, 100% to hit)
The magic dart hits the endoplasm.
The endoplasm is almost dead.
* * * LOW HITPOINT WARNING * * *
You feel sick. The endoplasm hits you.
* * * LOW HITPOINT WARNING * * *
Unknown command.
It was a potion of cancellation.
You feel magically purged.
Your magical contamination has completely faded away.
You die...

##.#..#.#..# #
##.#..#.#..##.#.# .. .
..............#.# #...
##'####+#..##.#.## .#...
# .................
..... .
................. ......
.
............###.##....#+
#
.................J......
#######.#.......@†......
###### #
#...#....##.##......
...... #####.###....##.#
..... ###### ....#.#
#....##.# .... ......#
#....##.# ... ## ......#
#....##.# ...... #.
....#.###....##.# ......
######.
.#..#...........# ....#
#......
.......#####.##+####
#..# #......


You could see an endoplasm.

Vanquished Creatures
  2 adders (D:2)
  A worm (D:2)
  2 dart slugs (D:1)
  9 bats
  4 endoplasms
  2 giant cockroaches
  5 goblins
  3 hobgoblins
  4 kobolds
  2 quokkas (D:1)
  6 ball pythons
  4 rats
44 creatures vanquished.

Notes
Turn   | Place    | Note
-------+----------+-------------------------------------------
     0 | D:1      | pokeman the Deep Elf Hedge Wizard began the quest for the
                  | Orb.
     0 | D:1      | Reached XP level 1. HP: 10/10 MP: 7/7
   155 | D:1      | Reached XP level 2. HP: 12/15 MP: 1/9
   670 | D:1      | Reached skill level 5 in Spellcasting
   785 | D:1      | Reached XP level 3. HP: 20/20 MP: 8/11
   789 | D:1      | Learned a level 3 spell: Mephitic Cloud
   792 | D:1      | Learned a level 2 spell: Call Imp
   795 | D:1      | Learned a level 2 spell: Blink
  1358 | D:2      | Reached skill level 1 in Armour
  1470 | D:2      | Reached skill level 1 in Fighting
  1982 | D:2      | Reached XP level 4. HP: 10/25 MP: 4/13
  1984 | D:2      | HP: 1/25 [endoplasm (3)]
  1985 | D:2      | Succumbed to an adder's poison

Illustrated notes

Levels and vault maps discovered:
D:1:      heliophobic_arrival_glass_houses, layout_rooms
D:2:      layout_basic

Skill      XL: |  1  2  3 |
---------------+----------+-----
Spellcasting   | 5 |  5.4
Armour         | 1 |  1.0
Fighting       | 1 |  1.0
Conjurations   | 2 |  2.1
Dodging        | |  2.6
Stealth        | |  2.6
Summonings     | |  1.1
Translocations | |  1.1

Action                     |  1- 3 |  4- 6 || total
---------------------------+-------+-------++-------
  Melee: Dagger            |    23 |       ||    23
   Cast: Magic Dart        |   126 |     3 ||   129
    Use: Potion            |       |     1 ||     1
 Armour: Robe              |    26 |     2 ||    28
  Dodge: Dodged            |    23 |     1 ||    24

Table legend: (Time is in decaauts)
 A = Elapsed time spent in this place.
 B = Non-inter-level travel time spent in this place.
 C = Inter-level travel time spent in this place.
 D = Time resting spent in this place.
 E = Time spent auto-exploring this place.
 F = Levels seen in this place.
 G = Mean time per level.
                   A        B        C        D        E       F      G
               +--------+--------+--------+--------+--------+-----+--------+
         Total |   1984 |   1975 |      9 |     51 |   1669 |   2 |  992.0 |
       Dungeon |   1984 |   1975 |      9 |     51 |   1669 |   2 |  992.0 |
               +--------+--------+--------+--------+--------+-----+--------+

Top non-repeatable levels by time:
     D:1: 1174 daAuts
     D:2: 810 daAuts
